 Dungeon Crawl Stone Soup version 0.24.0-37-gcf1ca852f1 (webtiles) character file.

Game seed: 9518379658152869609, levelgen mode: deterministic

4823 Iamsoldier the Magician (level 10, 0/79 HPs)
             Began as a Gnoll Skald on Nov 27, 2019.
             Was a Follower of Ashenzari.
             Succumbed to Erica's bolt of poison
             ... on level 8 of the Dungeon.
             The game lasted 00:27:36 (9548 turns).

Iamsoldier the Magician (Gnoll Skald)               Turns: 9548, Time: 00:27:36

Health: 0/79       AC:  7    Str: 15    XL:     10   Next: 48%
Magic:  18/21      EV: 15    Int: 18    God:    Ashenzari [*.....]
Gold:   510        SH:  0    Dex: 14    Spells: 15/24 levels left

rFire    x . .     SeeInvis .   a - +3 spear (pierce)
rCold    + . .     Gourm    .   (no shield)
rNeg     . . .     Faith    .   y - +0 ring mail
rPois    .         Spirit   .   q - +0 helmet (curse)
rElec    .         Reflect  .   (no cloak)
rCorr    .         Harm     .   (no gloves)
MR       .....                  (no boots)
Stlth    +++.......             (no amulet)
HPRegen  0.23/turn              h - ring of stealth (curse)
MPRegen  0.17/turn              v - ring of ice

@: lethally poisoned (0 -> -9)
A: distributed training, fangs 1, strong nose
a: Curse Item, Scrying, Renounce Religion


You were on level 8 of the Dungeon.
You worshipped Ashenzari.
Ashenzari was aware of your devotion.
You were very hungry.

You visited 2 branches of the dungeon, and saw 9 of its levels.
You also visited: Ossuary.

You collected 510 gold pieces.

Inventory:

Hand Weapons
 a - a +3 spear of piercing (weapon)
 b - a +4 hunting sling
Missiles
 l - 244 stones (quivered)
 m - 17 sling bullets
Armour
 q - a cursed +0 helmet (worn)
 t - a +0 helmet of see invisible
 y - a +0 ring mail (worn)
Jewellery
 h - a cursed ring of stealth (left hand)
 v - a ring of ice (right hand)
 z - an uncursed ring of wizardry
Wands
 i - a wand of enslavement (6)
Scrolls
 c - a scroll of teleportation
 e - 3 scrolls of amnesia
 f - 6 scrolls of identify
 k - a scroll of fog
 n - 4 scrolls of immolation
 o - 3 scrolls of enchant weapon
 p - 5 scrolls of remove curse
 r - 3 scrolls of fear
 w - a scroll of blinking
Potions
 g - 2 potions of degeneration
 u - a potion of brilliance
Comestibles
 d - 9 rations


   Skills:
 + Level 7.6 Fighting
 + Level 5.9 Short Blades
 + Level 5.9 Long Blades
 + Level 5.9 Axes
 + Level 5.9 Maces & Flails
 + Level 7.6 Polearms
 + Level 5.9 Staves
 + Level 5.9 Slings
 + Level 5.9 Bows
 + Level 5.9 Crossbows
 + Level 5.9 Throwing
 + Level 6.5 Armour
 + Level 7.6 Dodging
 + Level 5.9 Stealth
 + Level 5.9 Shields
 + Level 5.9 Unarmed Combat
 + Level 7.8 Spellcasting
 + Level 4.9 Conjurations
 + Level 4.9 Hexes
 + Level 7.4 Charms
 + Level 4.9 Summonings
 + Level 4.9 Necromancy
 + Level 4.9 Translocations
 + Level 4.9 Transmutations
 + Level 4.9 Fire Magic
 + Level 4.9 Ice Magic
 + Level 4.9 Air Magic
 + Level 4.9 Earth Magic
 + Level 4.9 Poison Magic
 + Level 6.5 Invocations
 + Level 5.9 Evocations


You had 15 spell levels left.
You knew the following spells:

 Your Spells              Type           Power        Failure   Level  Hunger
a - Infusion              Chrm           ####         1%          1    None
b - Shroud of Golubria    Chrm/Tloc      ####..       1%          2    None
c - Spectral Weapon       Hex/Chrm       ####....     4%          3    #......
d - Regeneration          Chrm/Necr      ####......   4%          3    #......

Your spell library contained the following spells:

 Spells                   Type           Power        Failure   Level  Hunger
 Song of Slaying          Chrm           ####....     1%          2    None
 Beastly Appendage        Tmut           ###...       2%          1    None
 Sting                    Conj/Pois      ###.         2%          1    None
 Poisonous Vapours        Pois/Air       ###...       3%          2    None
 Sticks to Snakes         Tmut           ###.....     3%          2    None
 Mephitic Cloud           Conj/Pois/Air  ###.....     7%          3    #......
 Spider Form              Tmut/Pois      ###.......   7%          3    #......
 Ice Form                 Ice/Tmut       #####...     24%         4    ###....
 Olgreb's Toxic Radiance  Pois           ###.....     24%         4    ###....
 Blade Hands              Tmut           ###.......   54%         5    #####..
 Venom Bolt               Conj/Pois      ###.......   54%         5    #####..


Dungeon Overview and Level Annotations

Branches:
Dungeon (8/15)             Temple (1/1) D:5            Lair (0/6) D:8
Ossuary (visited)

Altars:
Ashenzari
Cheibriados
Dithmenos
Elyvilon
Gozag
Hepliaklqana
Kikubaaqudgha
Makhleb
Nemelex Xobeh
Okawaru
Qazlal
Ru
Sif Muna
Uskayaw
Vehumet
Wu Jian
Xom
Yredelemnul
Zin
The Shining One

Annotations:
D:8 Erica, Joseph


Innate Abilities, Weirdness & Mutations

Your experience applies equally to all skills.
You have very sharp teeth.
Your uncanny sense of smell can sniff out nearby items.


Message History

Joseph shoots a sling bullet.
The sling bullet hits you!
* * * LOW HITPOINT WARNING * * *
Okay, then.
You're too confused!
Evoke which item? (* to show all) (? for menu, Esc to quit)
You're too confused!
Your shroud unravels.
* * * LOW HITPOINT WARNING * * *
You feel sick.
Erica looks angry.
Joseph says, "It's nothing personal, but I have to kill you."
Joseph shoots a sling bullet.
The sling bullet completely misses you.
You see here a sling bullet.
Your magical effects are unravelling.
You feel magically purged.
You feel less confused.
You feel a little less clever now.
You feel a little less agile now.
* * * LOW HITPOINT WARNING * * *
You feel sick.
You die...

#..... #[.. #...#
#..# #..# #.(#
#..####(@###.#
#.....$(.....#
##..####(.#####
#...# #@....# #>.##
#(.##.#
#.#######..#####@.#
#
#.................#
#####.#.......#####
#.#.#.#######
#.#.#.......+
..#<.....#..+
########.#.# #...#
#..#.......


You could see Joseph and Erica.

Vanquished Creatures
  Harold (D:7)
  A hippogriff (D:8)
  The ghost of night the Chiller, an amateur DrIE of Ashenzari (D:4)
  A black bear (D:7)
  2 ice beasts (D:5)
  An orc warrior (D:7)
  4 ogres
  A phantom (D:7)
  A centaur (D:7)
  4 bullfrogs
  A water moccasin skeleton (D:6)
  11 scorpions
  3 wights (D:6)
  4 killer bees (D:7)
  A howler monkey (D:5)
  2 crimson imps
  A bullfrog zombie (D:7)
  4 hounds
  2 centaur zombies (Ossuary)
  A gnoll shaman (D:7)
  5 orc priests
  2 human zombies (Ossuary)
  3 jellies
  8 orc wizards
  4 iguanas
  Terence (D:2)
  3 worker ants
  A big kobold zombie (Ossuary)
  A hound zombie (D:7)
  3 mummies (Ossuary)
  2 worker ant zombies
  Robin (D:3)
  7 gnolls
  6 adders
  A howler monkey skeleton (D:7)
  2 scorpion zombies (Ossuary)
  A shadow imp (D:8)
  4 dart slugs
  A leopard gecko (D:3)
  23 orcs
  5 bats
  8 giant cockroaches
  5 gnoll zombies (Ossuary)
  13 goblins
  12 hobgoblins
  10 jackals
  6 quokkas
  4 ball pythons
  5 frilled lizards
  3 goblin zombies (Ossuary)
  3 hobgoblin zombies (Ossuary)
  A jackal zombie (D:6)
  5 kobolds
  A kobold zombie (Ossuary)
  A leopard gecko skeleton (D:8)
  2 orc zombies (Ossuary)
  2 quokka skeletons (D:4)
  9 rats
221 creatures vanquished.

Vanquished Creatures (others)
  5 spectral weapons
5 creatures vanquished.

Grand Total: 226 creatures vanquished

Notes
Turn   | Place    | Note
-------+----------+-------------------------------------------
     0 | D:1      | Iamsoldier the Gnoll Skald began the quest for the Orb.
     0 | D:1      | Reached XP level 1. HP: 20/20 MP: 6/6
   112 | D:1      | Reached XP level 2. HP: 24/26 MP: 3/7
   119 | D:1      | Learned a level 2 spell: Shroud of Golubria
   538 | D:1      | Reached XP level 3. HP: 30/31 MP: 9/9
   543 | D:1      | Learned a level 3 spell: Spectral Weapon
   547 | D:1      | Learned a level 3 spell: Regeneration
   725 | D:2      | Found a radiant altar of Vehumet.
   735 | D:2      | Reached skill level 5 in Spellcasting
   777 | D:2      | Noticed Terence
   788 | D:2      | Killed Terence
   788 | D:2      | Reached skill level 1 in Short Blades
   788 | D:2      | Reached skill level 1 in Long Blades
   788 | D:2      | Reached skill level 1 in Axes
   788 | D:2      | Reached skill level 1 in Maces & Flails
   788 | D:2      | Reached skill level 1 in Staves
   788 | D:2      | Reached skill level 1 in Slings
   788 | D:2      | Reached skill level 1 in Bows
   788 | D:2      | Reached skill level 1 in Crossbows
   788 | D:2      | Reached skill level 1 in Throwing
   788 | D:2      | Reached skill level 1 in Stealth
   788 | D:2      | Reached skill level 1 in Shields
   788 | D:2      | Reached skill level 1 in Unarmed Combat
   788 | D:2      | Reached skill level 1 in Invocations
   788 | D:2      | Reached skill level 1 in Evocations
   810 | D:2      | Reached XP level 4. HP: 34/38 MP: 1/11
  1495 | D:2      | Found a shattered altar of Ashenzari.
  1504 | D:2      | Became a worshipper of Ashenzari the Shackled
  1597 | D:3      | Reached skill level 1 in Conjurations
  1597 | D:3      | Reached skill level 1 in Hexes
  1597 | D:3      | Reached skill level 1 in Summonings
  1597 | D:3      | Reached skill level 1 in Necromancy
  1597 | D:3      | Reached skill level 1 in Translocations
  1597 | D:3      | Reached skill level 1 in Transmutations
  1597 | D:3      | Reached skill level 1 in Fire Magic
  1597 | D:3      | Reached skill level 1 in Ice Magic
  1597 | D:3      | Reached skill level 1 in Air Magic
  1597 | D:3      | Reached skill level 1 in Earth Magic
  1597 | D:3      | Reached skill level 1 in Poison Magic
  1728 | D:3      | Found a white marble altar of Elyvilon.
  1754 | D:3      | Reached XP level 5. HP: 43/43 MP: 7/12
  2086 | D:3      | Noticed Robin
  2112 | D:3      | Killed Robin
  2743 | D:4      | Noticed an ogre
  2763 | D:4      | Killed an ogre
  2763 | D:4      | Reached XP level 6. HP: 50/50 MP: 5/14
  2779 | D:4      | Reached skill level 5 in Fighting
  2779 | D:4      | Reached skill level 5 in Polearms
  2779 | D:4      | Reached skill level 5 in Dodging
  2840 | D:4      | Found a runed translucent door.
  2847 | D:4      | Noticed night's ghost (amateur DrIE)
  2878 | D:4      | Reached skill level 5 in Armour
  2878 | D:4      | Reached skill level 5 in Invocations
  2878 | D:4      | Reached XP level 7. HP: 14/59 MP: 3/17
  2886 | D:4      | Killed night's ghost
  3234 | D:4      | Reached XP level 8. HP: 50/65 MP: 9/18
  3598 | D:4      | Reached skill level 5 in Short Blades
  3598 | D:4      | Reached skill level 5 in Long Blades
  3598 | D:4      | Reached skill level 5 in Axes
  3598 | D:4      | Reached skill level 5 in Maces & Flails
  3598 | D:4      | Reached skill level 5 in Staves
  3598 | D:4      | Reached skill level 5 in Slings
  3598 | D:4      | Reached skill level 5 in Bows
  3598 | D:4      | Reached skill level 5 in Crossbows
  3598 | D:4      | Reached skill level 5 in Throwing
  3598 | D:4      | Reached skill level 5 in Stealth
  3598 | D:4      | Reached skill level 5 in Shields
  3598 | D:4      | Reached skill level 5 in Unarmed Combat
  3598 | D:4      | Reached skill level 5 in Evocations
  3948 | D:5      | Entered Level 5 of the Dungeon
  3948 | D:5      | Reached * piety under Ashenzari
  4113 | D:5      | Found an opulent altar of Gozag.
  4850 | D:5      | Found a staircase to the Ecumenical Temple.
  4873 | Temple   | Entered the Ecumenical Temple
  5276 | D:6      | Found a hide-covered altar of Uskayaw.
  5278 | D:6      | Found a shimmering altar of Xom.
  5278 | D:6      | Found a stormy altar of Qazlal.
  5280 | D:6      | Found a burning altar of Makhleb.
  5280 | D:6      | Found a shimmering altar of Xom.
  5280 | D:6      | Found a white marble altar of Elyvilon.
  5303 | D:6      | Reached XP level 9. HP: 69/72 MP: 19/19
  5458 | D:6      | Found an ornate altar of the Wu Jian Council.
  6016 | D:6      | Found a sacrificial altar of Ru.
  6098 | D:7      | HP: 2/72 [orc warrior/+0 long sword (6)]
  6393 | D:7      | Found a sand-covered staircase.
  6466 | Ossuary  | Entered an ossuary
  7201 | Ossuary  | HP: 3/72 [poisoned by a scorpion]
  7206 | Ossuary  | HP: 3/72 [poisoned by a scorpion]
  7213 | Ossuary  | HP: 2/72 [poisoned by a scorpion]
  7221 | Ossuary  | HP: 2/72 [poisoned by a scorpion]
  8041 | D:7      | Reached XP level 10. HP: 78/79 MP: 17/21
  8511 | D:7      | Noticed Harold
  8542 | D:7      | Killed Harold
  8884 | D:8      | Noticed a death yak
  8887 | D:8      | Found a staircase to the Lair.
  9214 | D:8      | Found a burning altar of Makhleb.
  9215 | D:8      | Found a snail-covered altar of Cheibriados.
  9531 | D:8      | Noticed Erica
  9534 | D:8      | Noticed Joseph
  9546 | D:8      | HP: 2/79 [poisoned by Erica (bolt of poison)]
  9548 | D:8      | Succumbed to Erica's bolt of poison

Levels and vault maps discovered:
D:1:      wander_arrival_fairy_ring, layout_basic, serial_bayou_lake_a
D:2:      layout_basic, vehumet_crystals, lemuel_coloured_pillars_altar,
          palyth_stone_intersect, kennysheep_nondescript,
          minmay_misc_feat_enclosed, uniq_terence
D:3:      layout_rooms, lemuel_crystal_altar, first_ration, uniq_robin
D:4:      layout_cave_pools, ebering_ghost_reflecting_pool, minivault_23
D:5:      layout_gridville, nicolae_gozag_cash_rules_everything_around_me,
          temple_doors_cd, serial_bayou_pond_d, bh_walls_and_bars
D:6:      layout_rooms, lemuel_doored_altar, marbit_many_paths,
          doesnt_xom_only_xom
D:7:      layout_loops_ring, nicolae_ossuary_entry_monument, uniq_harold
D:8:      layout_loops_ring, gammafunk_temple_overflow_wave,
          gammafunk_temple_overflow_statue, dpeg_lair_monsters, the_bakery,
          uniq_joseph, uniq_erica, uniq_grum
Temple:   grunt_temple_mini_profane

Skill      XL: |  1  2  3  4  5  6  7  8  9 |
---------------+----------------------------+-----
Spellcasting   | 5 7 |  7.8
Short Blades   | 1 4 5 |  5.9
Long Blades    | 1 4 5 |  5.9
Axes           | 1 4 5 |  5.9
Maces & Flails | 1 4 5 |  5.9
Staves         | 1 4 5 |  5.9
Slings         | 1 4 5 |  5.9
Bows           | 1 4 5 |  5.9
Crossbows      | 1 4 5 |  5.9
Throwing       | 1 4 5 |  5.9
Stealth        | 1 4 5 |  5.9
Shields        | 1 4 5 |  5.9
Unarmed Combat | 1 4 5 |  5.9
Invocations    | 1 2 5 6 |  6.5
Evocations     | 1 4 5 |  5.9
Conjurations   | 1 4 |  4.9
Hexes          | 1 4 |  4.9
Summonings     | 1 4 |  4.9
Necromancy     | 1 4 |  4.9
Translocations | 1 4 |  4.9
Transmutations | 1 4 |  4.9
Fire Magic     | 1 4 |  4.9
Ice Magic      | 1 4 |  4.9
Air Magic      | 1 4 |  4.9
Earth Magic    | 1 4 |  4.9
Poison Magic   | 1 4 |  4.9
Armour         | 3 5 6 |  6.5
Fighting       | 6 7 |  7.6
Polearms       | 6 7 |  7.6
Dodging        | 6 7 |  7.6
Charms         | 6 7 |  7.4

Action                   |  1- 3 |  4- 6 |  7- 9 | 10-12 || total
-------------------------+-------+-------+-------+-------++-------
Melee: Spear             |    80 |    54 |     5 |   111 ||   250
       Bite              |     8 |    11 |    34 |    18 ||    71
       Trident           |       |    97 |   484 |       ||   581
       Punch             |       |       |     8 |     2 ||    10
 Fire: Hunting sling     |     3 |       |       |       ||     3
 Cast: Infusion          |     6 |     4 |       |       ||    10
       Spectral Weapon   |     1 |     8 |    36 |     7 ||    52
       Shroud of Golubri |       |     5 |    15 |     6 ||    26
       Regeneration      |       |     3 |    10 |     1 ||    14
Invok: Curse Item        |       |     2 |       |       ||     2
  Use: Scroll            |       |     2 |     8 |       ||    10
       Potion            |       |     4 |     8 |     5 ||    17
 Stab: Sleeping          |     1 |     4 |    17 |     2 ||    24
       Distracted        |     1 |     1 |     5 |       ||     7
       Invisible         |       |       |     1 |       ||     1
  Eat: Chunk             |       |     7 |    14 |     5 ||    26
       Ration            |       |       |     1 |       ||     1
Armor: Leather armour    |    11 |    28 |    20 |       ||    59
       Ring mail         |       |       |    89 |    25 ||   114
       Skin              |       |       |    14 |       ||    14
Dodge: Dodged            |    38 |    89 |   298 |    76 ||   501
